 Dungeon Crawl Stone Soup version 0.23.2-1-ga50397a6bc (webtiles) character file.

Game seed: 8489099565805023208

136 Mithandil the Chopper (level 5, -1/47 HPs)
             Began as a Hill Orc Fighter on May 26, 2019.
             Slain by a jelly (2 damage)
             ... on level 4 of the Dungeon.
             The game lasted 00:50:02 (2839 turns).

Mithandil the Chopper (Hill Orc Fighter)            Turns: 2839, Time: 00:50:02

Health: -1/47      AC:  0    Str: 19    XL:     5   Next: 19%
Magic:  5/5        EV:  7    Int:  8    God:
Gold:   176        SH:  9    Dex: 11    Spells: 4/4 levels left

rFire    . . .     SeeInvis .   b - +0 trident
rCold    . . .     Gourm    .   c - +0 shield
rNeg     . . .     Faith    .   i - +0 scale mail
rPois    .         Spirit   .   (no helmet)
rElec    .         Reflect  .   (no cloak)
rCorr    .         Harm     .   (no gloves)
MR       .....                  (no boots)
Stlth    ..........             (no amulet)
HPRegen  0.15/turn              (no ring)
MPRegen  0.09/turn              (no ring)

@: corroded
A: no striking features
a: no special abilities


You were on level 4 of the Dungeon.
You were not hungry.

You visited 1 branch of the dungeon, and saw 4 of its levels.

You collected 176 gold pieces.

Inventory:

Hand Weapons
 a - a +1 war axe
 b - a +0 trident (weapon)
 v - a +2 falchion of protection
Missiles
 g - 58 stones (quivered)
 h - 11 arrows
 n - 30 sling bullets
 t - 8 silver tomahawks
Armour
 c - a +0 shield (worn)
 i - a +0 scale mail (worn)
Jewellery
 l - a cursed ring of stealth
Scrolls
 j - a scroll of fog
 r - a scroll of noise
Potions
 d - 3 potions of might
 e - a potion of cancellation {unknown}
 m - 4 potions of curing
 o - a potion of ambrosia {unknown}
 p - 4 potions of lignification
 q - a potion of heal wounds {unknown}
 s - a potion of haste
 u - 3 potions of flight {unknown}
Comestibles
 f - 4 rations
 k - 4 chunks of flesh


   Skills:
 + Level 4.4 Fighting
 * Level 4.6(4.8) Axes
 + Level 1.2(2.7) Polearms
 + Level 3.9 Armour
 + Level 3.9 Shields


You had 4 spell levels left.
You didn't know any spells.
Your spell library contained the following spells:

 Spells                   Type           Power        Failure   Level  Hunger
 Magic Dart               Conj           #...         99%         1    ##.....
 Blink                    Tloc           N/A          100%        2    ###....
 Call Imp                 Summ           #.......     100%        2    ###....
 Slow                     Hex            #.......     100%        2    ###....
 Conjure Flame            Conj/Fire      #.......     100%        3    ####...
 Mephitic Cloud           Conj/Pois/Air  #.......     100%        3    ####...


Dungeon Overview and Level Annotations

Branches:
Dungeon (4/15)
 Temple: D:4-7

Altars:


Message History

The jelly is severely wounded.
The jelly hits you.
You are splashed with acid!
You block the jelly's attack.
You hit the jelly but do no damage.
Your hands burn!
The jelly is severely wounded.
The jelly closely misses you.
You hit the jelly but do no damage.
Your hands burn!
The jelly is severely wounded.
The jelly hits you.
You are splashed with acid!
* * * LOW HITPOINT WARNING * * *
You block the worm's attack.
There is a stone staircase leading up here.
You block the jelly's attack.
You climb upwards.
There is a stone staircase leading down here.
You block the jelly's attack.
You climb downwards.
The worm bites you!
* * * LOW HITPOINT WARNING * * *
There is a stone staircase leading up, spattered with blood here.
You block the worm's attack. The jelly hits you.
You die...

####### #.....##
###......#
.......>.# #.#
#....#####
##.###...!....#
###....#........##
##
#..J.#.#.........#
.. #.@#.##..#.....#
#. ##w......#.....#
#..##.#.##..#.....#
#...........#.....#
##.##.......#.....#
# #...#.#### ####
#.....#
######...###
..........##


You could see a worm and a jelly.

Vanquished Creatures
  A crimson imp (D:2)
  An orc wizard (D:4)
  2 oozes
  A worm (D:2)
  2 leopard geckos (D:1)
  4 orcs
  5 giant cockroaches
  8 hobgoblins
  2 jackals (D:1)
  7 kobolds
  A ball python (D:2)
  5 bats
  3 frilled lizards
  7 goblins
  A jackal skeleton (D:4)
  4 rats
54 creatures vanquished.

Notes
Turn   | Place    | Note
-------+----------+-------------------------------------------
     0 | D:1      | Mithandil the Hill Orc Fighter began the quest for the Orb.
     0 | D:1      | Reached XP level 1. HP: 19/19 MP: 1/1
   123 | D:1      | Reached XP level 2. HP: 27/27 MP: 2/2
   415 | D:1      | Reached XP level 3. HP: 31/33 MP: 3/3
   938 | D:2      | Reached XP level 4. HP: 34/40 MP: 4/4
  1011 | D:2      | Noticed a crocodile
  1341 | D:2      | Reached skill level 1 in Polearms
  2771 | D:4      | Reached XP level 5. HP: 38/47 MP: 5/5
  2838 | D:4      | HP: 1/47 [worm (11)]
  2839 | D:4      | Slain by a jelly

Skill      XL: |  1  2  3  4 |
---------------+-------------+-----
Axes           | 3 4 |  4.6
Fighting       | 4 |  4.4
Polearms       | 1 |  1.2
Armour         | |  3.9
Shields        | |  3.9

Action                   |  1- 3 |  4- 6 || total
-------------------------+-------+-------++-------
Melee: War axe           |   115 |    53 ||   168
       Trident           |       |    45 ||    45
  Use: Scroll            |       |    10 ||    10
  Eat: Chunk             |       |     3 ||     3
       Ration            |       |     1 ||     1
Armor: Scale mail        |    42 |    37 ||    79
Dodge: Dodged            |    47 |    31 ||    78
Block: Shield            |    55 |    53 ||   108
